[ AOE2 MATCH · #463594007 ]
UnrankedKhitans vs Celts
[ REPLAY ANALYSIS · EXTRACTED FROM THE RECORDED GAME ]
Feudal
12:14
Castle
16:59
Imperial
33:05
| APM avg | 51.1 |
| APM peak | 87 |
| eAPM avg | 24.4 |
| Villagers / military | 141 / 123 |
Focus
⚔️ 26.4% · 🌾 73.6%
Cavalry Archer ×75 · Steppe Lancer ×46 · Unknown (1260) ×15 · Unknown (1920) ×5 · Trade Cart ×4 · Trebuchet (Packed) ×2
Feudal
11:50
Castle
38:59
Imperial
—
| APM avg | 16.8 |
| APM peak | 53 |
| eAPM avg | 8.0 |
| Villagers / military | 31 / 50 |
Focus
⚔️ 27.0% · 🌾 73.0%
Spearman ×30 · Skirmisher ×15 · Battle Elephant ×5
Feudal
12:44
Castle
17:06
Imperial
37:44
| APM avg | 33.1 |
| APM peak | 79 |
| eAPM avg | 12.7 |
| Villagers / military | 80 / 65 |
Focus
⚔️ 21.0% · 🌾 79.0%
Knight ×49 · Unknown (1260) ×15 · Monk ×10 · Trebuchet (Packed) ×4 · Spearman ×2
Feudal
12:38
Castle
16:26
Imperial
34:07
| APM avg | 49.7 |
| APM peak | 102 |
| eAPM avg | 32.8 |
| Villagers / military | 174 / 132 |
Focus
⚔️ 40.2% · 🌾 59.8%
Knight ×68 · Kipchak ×25 · Cavalry Archer ×24 · Scout Cavalry ×9 · Unknown (1260) ×7 · Monk ×3
Feudal
—
Castle
—
Imperial
—
| APM avg | 1182.1 |
| APM peak | 12472 |
| eAPM avg | 1181.6 |
| Villagers / military | 0 / 0 |
Focus
⚔️ 90.6% · 🌾 9.4%
Feudal
—
Castle
—
Imperial
—
| APM avg | 986.0 |
| APM peak | 7181 |
| eAPM avg | 985.3 |
| Villagers / military | 0 / 0 |
Focus
⚔️ 90.0% · 🌾 10.0%
Feudal
—
Castle
—
Imperial
—
| APM avg | 1164.5 |
| APM peak | 15150 |
| eAPM avg | 1163.8 |
| Villagers / military | 0 / 0 |
Focus
⚔️ 66.3% · 🌾 33.7%
Feudal
—
Castle
—
Imperial
—
| APM avg | 788.6 |
| APM peak | 21108 |
| eAPM avg | 787.7 |
| Villagers / military | 0 / 0 |
Focus
⚔️ 72.2% · 🌾 27.8%
Match map
Initial resources + every placement click. Lines = walls · curves = elevation contours. ◆ gold · ⬟ stone · ● berries · ✦ relic · ◌ wall gap
Your base· ✓ Closed at 16:59 · 74t walls · no gate
RodyK's base· Open — 7t gap
DOG EATER's base· Open — 3t gap
Gorozpe28's base· Open — unwalled flank
's base· Open — unwalled flank
's base· Open — unwalled flank
's base· Open — unwalled flank
's base· Open — unwalled flank
Smoothed initial terrain · ◌ = detected wall gap · hover for details
Inputs per minute
— Andrei0223 - - RodyK
Build order — Andrei0223
First 150 of 521 actions detected
| 0:01 | Create | Villager (Male) |
| 0:02 | Build | House |
| 0:04 | Build | House |
| 0:21 | Create | Villager (Male) |
| 0:21 | Create | Villager (Male) |
| 0:21 | Create | Villager (Male) |
| 0:22 | Create | Villager (Male) |
| 0:22 | Create | Villager (Male) |
| 1:31 | Create | Villager (Male) |
| 1:31 | Create | Villager (Male) |
| 1:31 | Create | Villager (Male) |
| 2:09 | Create | Villager (Male) |
| 2:09 | Create | Villager (Male) |
| 2:09 | Create | Villager (Male) |
| 2:12 | Build | House |
| 2:13 | Build | House |
| 2:54 | Create | Villager (Male) |
| 2:54 | Create | Villager (Male) |
| 2:55 | Create | Villager (Male) |
| 3:20 | Create | Villager (Male) |
| 3:20 | Create | Villager (Male) |
| 3:20 | Create | Villager (Male) |
| 3:45 | Create | Villager (Male) |
| 3:45 | Create | Villager (Male) |
| 3:45 | Create | Villager (Male) |
| 4:20 | Build | Mill |
| 4:38 | Create | Villager (Male) |
| 4:38 | Create | Villager (Male) |
| 4:38 | Create | Villager (Male) |
| 5:12 | Create | Villager (Male) |
| 5:13 | Create | Villager (Male) |
| 5:13 | Create | Villager (Male) |
| 5:13 | Create | Villager (Male) |
| 5:13 | Create | Villager (Male) |
| 5:47 | Build | Mill |
| 5:53 | Create | Villager (Male) |
| 6:19 | Create | Villager (Male) |
| 6:20 | Create | Villager (Male) |
| 6:20 | Create | Villager (Male) |
| 6:48 | Build | Lumber Camp |
| 7:26 | Build | House |
| 7:40 | Create | Villager (Male) |
| 8:12 | Build | Palisade Wall |
| 8:22 | Build | Palisade Wall |
| 8:28 | Build | Mining Camp |
| 8:31 | Create | Villager (Male) |
| 8:32 | Create | Villager (Male) |
| 8:48 | Build | Palisade Wall |
| 8:53 | Build | Palisade Wall |
| 9:25 | Research | Feudal Age |
| 9:25 | Research | Feudal Age |
| 9:30 | Create | Villager (Male) |
| 9:33 | Research | Feudal Age |
| 9:33 | Research | Feudal Age |
| 9:43 | Build | Palisade Wall |
| 9:47 | Build | Palisade Wall |
| 9:54 | Build | House |
| 10:39 | Build | Palisade Wall |
| 10:44 | Build | Pasture |
| 10:58 | Create | Villager (Male) |
| 10:58 | Create | Villager (Male) |
| 11:40 | Build | Lumber Camp |
| 11:58 | Research | Loom |
| 11:59 | Create | Villager (Male) |
| 11:59 | Create | Villager (Male) |
| 12:00 | Create | Villager (Male) |
| 12:09 | Build | Palisade Wall |
| 12:14 | Age | Feudal Age |
| 12:32 | Build | Market |
| 12:43 | Build | Palisade Wall |
| 12:44 | Build | Palisade Wall |
| 12:56 | Build | Blacksmith |
| 13:06 | Build | Palisade Wall |
| 13:12 | Build | Pasture |
| 13:32 | Build | Palisade Wall |
| 13:39 | Create | Villager (Male) |
| 13:59 | Build | Barracks |
| 14:04 | Build | Pasture |
| 14:15 | Research | Castle Age |
| 14:15 | Research | Castle Age |
| 14:31 | Build | Pasture |
| 14:36 | Build | House |
| 14:50 | Research | Double-Bit Axe |
| 14:50 | Research | Double-Bit Axe |
| 14:50 | Research | Double-Bit Axe |
| 15:28 | Build | Stable |
| 15:36 | Build | House |
| 16:18 | Build | Archery Range |
| 16:39 | Research | Fletching |
| 16:39 | Research | Fletching |
| 16:51 | Build | Pasture |
| 16:59 | Age | Castle Age |
| 17:05 | Create | Cavalry Archer |
| 17:05 | Create | Cavalry Archer |
| 17:05 | Create | Cavalry Archer |
| 17:13 | Create | Villager (Male) |
| 17:16 | Research | Bodkin Arrow |
| 17:16 | Research | Bodkin Arrow |
| 17:23 | Build | Archery Range |
| 17:29 | Create | Villager (Male) |
| 17:39 | Research | Padded Archer Armor |
| 17:39 | Research | Padded Archer Armor |
| 17:44 | Research | Tech 1014 |
| 17:45 | Research | Tech 1014 |
| 17:49 | Create | Cavalry Archer |
| 18:05 | Create | Villager (Male) |
| 18:16 | Create | Cavalry Archer |
| 18:35 | Create | Villager (Male) |
| 18:42 | Create | Cavalry Archer |
| 18:42 | Create | Cavalry Archer |
| 18:50 | Research | Husbandry |
| 18:50 | Research | Husbandry |
| 19:03 | Create | Villager (Male) |
| 19:03 | Create | Villager (Male) |
| 19:37 | Create | Cavalry Archer |
| 19:37 | Create | Cavalry Archer |
| 19:42 | Build | House |
| 19:42 | Build | House |
| 19:42 | Build | House |
| 19:43 | Build | House |
| 19:43 | Build | House |
| 19:44 | Build | House |
| 19:44 | Build | House |
| 19:51 | Research | Wheelbarrow |
| 19:51 | Research | Wheelbarrow |
| 20:01 | Build | Pasture |
| 20:07 | Build | House |
| 20:08 | Build | House |
| 20:08 | Build | House |
| 20:08 | Build | House |
| 20:09 | Build | House |
| 20:09 | Build | House |
| 20:09 | Build | House |
| 20:09 | Build | House |
| 20:10 | Build | House |
| 20:10 | Build | House |
| 20:10 | Build | House |
| 20:33 | Create | Cavalry Archer |
| 20:34 | Create | Cavalry Archer |
| 20:34 | Create | Cavalry Archer |
| 20:41 | Create | Steppe Lancer |
| 21:24 | Create | Villager (Male) |
| 21:24 | Create | Villager (Male) |
| 21:24 | Create | Villager (Male) |
| 21:28 | Build | Pasture |
| 21:54 | Research | Thumb Ring |
| 21:54 | Research | Thumb Ring |
| 21:55 | Create | Cavalry Archer |
| 21:55 | Create | Cavalry Archer |
| 21:56 | Create | Cavalry Archer |
Build order — RodyK
146 actions detected in the replay
| 0:02 | Create | Villager (Male) |
| 0:02 | Create | Villager (Male) |
| 0:03 | Create | Villager (Male) |
| 0:29 | Build | House |
| 0:51 | Create | Villager (Male) |
| 1:34 | Create | Villager (Male) |
| 2:06 | Create | Villager (Male) |
| 2:20 | Build | House |
| 2:24 | Create | Villager (Male) |
| 3:28 | Build | Mill |
| 3:41 | Create | Villager (Male) |
| 3:47 | Create | Villager (Male) |
| 3:48 | Create | Villager (Male) |
| 4:10 | Create | Villager (Male) |
| 5:25 | Create | Villager (Male) |
| 5:37 | Build | House |
| 6:11 | Create | Villager (Male) |
| 7:02 | Create | Villager (Male) |
| 8:30 | Create | Villager (Male) |
| 8:32 | Create | Villager (Male) |
| 9:35 | Create | Villager (Male) |
| 9:40 | Research | Feudal Age |
| 10:41 | Build | Barracks |
| 11:31 | Build | Palisade Wall |
| 11:38 | Build | Palisade Gate |
| 11:50 | Age | Feudal Age |
| 11:54 | Research | Wheelbarrow |
| 12:41 | Build | Lumber Camp |
| 13:18 | Build | Mining Camp |
| 14:14 | Create | Villager (Male) |
| 14:17 | Create | Villager (Male) |
| 14:46 | Build | House |
| 15:05 | Build | Farm |
| 15:06 | Build | Farm |
| 15:34 | Build | Farm |
| 15:36 | Build | Farm |
| 15:43 | Build | Farm |
| 15:44 | Build | Farm |
| 15:49 | Build | Farm |
| 15:51 | Build | Farm |
| 15:53 | Build | Farm |
| 15:53 | Build | Farm |
| 15:54 | Build | Farm |
| 15:56 | Build | Farm |
| 15:59 | Build | Farm |
| 16:01 | Build | Farm |
| 16:08 | Build | Farm |
| 16:09 | Build | Farm |
| 16:14 | Build | Farm |
| 16:46 | Build | Palisade Wall |
| 16:55 | Create | Spearman |
| 16:55 | Create | Spearman |
| 16:55 | Create | Spearman |
| 18:05 | Build | Archery Range |
| 18:35 | Build | Stone Wall |
| 18:39 | Build | Stone Wall |
| 18:46 | Build | Gate |
| 19:45 | Build | Archery Range |
| 19:56 | Build | Gate |
| 20:38 | Research | Loom |
| 21:07 | Create | Skirmisher |
| 21:08 | Create | Skirmisher |
| 21:08 | Create | Skirmisher |
| 23:43 | Build | House |
| 23:46 | Create | Villager (Male) |
| 23:47 | Create | Villager (Male) |
| 23:47 | Create | Villager (Male) |
| 24:11 | Build | House |
| 24:41 | Research | Double-Bit Axe |
| 26:28 | Create | Skirmisher |
| 26:28 | Create | Skirmisher |
| 26:39 | Build | Farm |
| 27:07 | Build | Stone Wall |
| 28:37 | Create | Skirmisher |
| 28:38 | Create | Skirmisher |
| 29:01 | Build | Barracks |
| 29:25 | Create | Villager (Male) |
| 29:26 | Create | Villager (Male) |
| 29:29 | Create | Villager (Male) |
| 29:29 | Create | Villager (Male) |
| 29:29 | Create | Villager (Male) |
| 29:41 | Research | Horse Collar |
| 29:53 | Research | Gold Mining |
| 30:10 | Create | Spearman |
| 30:12 | Create | Spearman |
| 31:24 | Create | Spearman |
| 31:25 | Create | Spearman |
| 31:50 | Create | Villager (Male) |
| 31:51 | Create | Villager (Male) |
| 32:06 | Build | Barracks |
| 32:11 | Build | House |
| 32:17 | Create | Spearman |
| 32:17 | Create | Spearman |
| 32:32 | Create | Skirmisher |
| 32:32 | Create | Skirmisher |
| 32:44 | Build | House |
| 32:47 | Build | House |
| 33:05 | Build | Mining Camp |
| 33:32 | Build | Stable |
| 33:33 | Build | Stable |
| 33:42 | Create | Spearman ×5 |
| 34:04 | Create | Skirmisher |
| 34:05 | Create | Skirmisher |
| 34:44 | Create | Spearman ×5 |
| 36:16 | Build | Farm |
| 36:19 | Research | Castle Age |
| 36:31 | Build | Blacksmith |
| 36:52 | Build | Market |
| 37:17 | Create | Spearman ×2 |
| 38:34 | Build | Farm |
| 38:40 | Create | Villager (Male) |
| 38:40 | Create | Villager (Male) |
| 38:46 | Build | Farm |
| 38:54 | Build | House |
| 38:59 | Create | Spearman ×2 |
| 38:59 | Age | Castle Age |
| 39:26 | Research | Elite Skirmisher (upgrade) |
| 39:27 | Create | Skirmisher ×2 |
| 39:44 | Build | Farm |
| 40:04 | Build | Farm |
| 40:09 | Build | Farm |
| 40:22 | Build | Farm |
| 40:52 | Build | Farm |
| 42:14 | Build | Lumber Camp |
| 43:33 | Create | Battle Elephant |
| 43:34 | Create | Battle Elephant |
| 43:55 | Build | Stable |
| 43:57 | Build | Stable |
| 44:35 | Build | Stone Wall |
| 45:00 | Research | Bow Saw |
| 45:12 | Build | Farm |
| 45:39 | Research | Scale Mail Armor |
| 45:42 | Research | Forging |
| 45:43 | Research | Scale Barding Armor |
| 45:50 | Research | Scale Mail Armor |
| 45:55 | Research | Fletching |
| 45:55 | Research | Padded Archer Armor |
| 46:21 | Build | Stone Wall |
| 46:26 | Build | Stone Wall |
| 47:00 | Research | Pikeman (upgrade) |
| 47:07 | Create | Spearman ×5 |
| 47:15 | Create | Battle Elephant ×3 |
| 47:28 | Create | Skirmisher ×2 |
| 49:59 | Create | Spearman |
| 49:59 | Create | Spearman |
| 50:22 | Research | Hand Cart |
Build order — DOG EATER
First 150 of 252 actions detected
| 0:01 | Create | Villager (Male) ×4 |
| 0:03 | Build | House |
| 0:05 | Build | House |
| 1:41 | Create | Villager (Male) |
| 1:41 | Create | Villager (Male) |
| 2:10 | Create | Villager (Male) |
| 2:37 | Create | Villager (Male) |
| 3:11 | Create | Villager (Male) |
| 3:26 | Create | Villager (Male) |
| 3:56 | Build | House |
| 3:58 | Build | House |
| 4:27 | Create | Villager (Male) |
| 4:31 | Research | Loom |
| 4:47 | Build | Lumber Camp |
| 4:49 | Create | Villager (Male) |
| 5:14 | Create | Villager (Male) |
| 6:24 | Create | Villager (Male) |
| 6:25 | Create | Villager (Male) |
| 6:25 | Create | Villager (Male) |
| 6:25 | Create | Villager (Male) |
| 6:26 | Create | Villager (Male) |
| 6:26 | Create | Villager (Male) |
| 7:19 | Build | Mill |
| 7:26 | Build | Mining Camp |
| 8:51 | Create | Villager (Male) |
| 8:51 | Create | Villager (Male) |
| 8:52 | Create | Villager (Male) |
| 9:03 | Build | House |
| 9:49 | Build | Farm |
| 9:50 | Build | Farm |
| 10:14 | Build | Farm |
| 10:15 | Build | Farm |
| 10:17 | Build | Farm |
| 10:34 | Research | Feudal Age |
| 12:34 | Build | Farm |
| 12:36 | Build | Farm |
| 12:44 | Age | Feudal Age |
| 12:47 | Build | Market |
| 13:02 | Build | House |
| 13:07 | Build | House |
| 13:19 | Build | Blacksmith |
| 13:56 | Build | Farm |
| 13:58 | Build | Farm |
| 14:11 | Build | Palisade Wall |
| 14:22 | Build | Gate |
| 14:26 | Research | Castle Age |
| 14:56 | Build | House |
| 14:57 | Build | House |
| 14:59 | Build | House |
| 15:00 | Build | House |
| 15:26 | Research | Double-Bit Axe |
| 15:32 | Research | Horse Collar |
| 16:27 | Research | Wheelbarrow |
| 16:37 | Create | Villager (Male) |
| 17:06 | Age | Castle Age |
| 17:08 | Build | Town Center |
| 17:11 | Create | Villager (Male) |
| 17:44 | Build | Barracks |
| 17:52 | Create | Villager (Male) |
| 17:53 | Create | Villager (Male) |
| 18:22 | Build | Stable |
| 18:42 | Create | Spearman ×2 |
| 19:31 | Create | Knight |
| 20:12 | Create | Knight |
| 20:12 | Create | Knight |
| 21:43 | Create | Knight |
| 21:44 | Create | Knight |
| 21:48 | Build | Farm |
| 21:49 | Build | Farm |
| 21:50 | Create | Villager (Male) |
| 21:50 | Create | Villager (Male) |
| 21:50 | Create | Villager (Male) |
| 22:02 | Create | Villager (Male) |
| 22:02 | Create | Villager (Male) |
| 22:06 | Build | Farm |
| 22:06 | Build | Farm |
| 22:06 | Build | Farm |
| 22:07 | Build | Farm |
| 22:18 | Build | Mining Camp |
| 22:51 | Build | Farm |
| 22:54 | Create | Villager (Male) |
| 22:54 | Create | Villager (Male) |
| 22:54 | Create | Villager (Male) |
| 23:27 | Create | Villager (Male) |
| 23:28 | Create | Villager (Male) |
| 23:41 | Research | Stone Mining |
| 23:58 | Create | Knight |
| 24:12 | Build | Monastery |
| 24:23 | Research | Scale Barding Armor |
| 24:29 | Create | Villager (Male) |
| 24:33 | Create | Villager (Male) |
| 24:36 | Create | Villager (Male) |
| 24:39 | Create | Monk |
| 25:36 | Build | Mining Camp |
| 25:39 | Create | Villager (Male) |
| 25:41 | Create | Villager (Male) |
| 25:42 | Create | Villager (Male) |
| 25:43 | Create | Villager (Male) |
| 25:44 | Create | Villager (Male) |
| 25:49 | Build | Mining Camp |
| 25:55 | Create | Knight |
| 25:55 | Create | Knight |
| 26:59 | Build | Farm |
| 27:00 | Build | Farm |
| 27:02 | Build | Farm |
| 27:05 | Research | Hand Cart |
| 27:07 | Create | Villager (Male) |
| 28:13 | Build | Castle |
| 28:36 | Create | Villager (Male) |
| 28:37 | Create | Villager (Male) |
| 28:37 | Create | Villager (Male) |
| 28:38 | Create | Villager (Male) |
| 28:38 | Create | Villager (Male) |
| 28:38 | Create | Villager (Male) |
| 28:47 | Research | Husbandry |
| 29:05 | Build | Watch Tower |
| 29:44 | Build | Farm |
| 29:45 | Build | Farm |
| 29:45 | Build | Farm |
| 29:46 | Build | Farm |
| 29:48 | Build | Mill |
| 29:50 | Build | Farm |
| 29:54 | Build | Farm |
| 29:57 | Create | Villager (Male) |
| 29:57 | Create | Villager (Male) |
| 30:01 | Create | Villager (Male) |
| 30:01 | Create | Villager (Male) |
| 30:02 | Create | Villager (Male) |
| 30:08 | Build | House |
| 30:08 | Build | House |
| 30:08 | Build | House |
| 30:08 | Build | House |
| 30:08 | Build | House |
| 30:09 | Build | House |
| 30:10 | Build | House |
| 31:53 | Build | Castle |
| 32:58 | Build | Monastery |
| 33:04 | Build | Stable |
| 33:05 | Build | Stable |
| 33:26 | Create | Monk |
| 33:26 | Create | Monk |
| 33:27 | Create | Monk |
| 33:42 | Build | Farm |
| 33:44 | Build | Farm |
| 33:46 | Create | Villager (Male) |
| 33:47 | Create | Villager (Male) |
| 33:47 | Create | Villager (Male) |
| 33:47 | Create | Villager (Male) |
| 33:49 | Research | Gold Mining |
| 33:51 | Research | Stone Shaft Mining |
Build order — Gorozpe28
First 150 of 544 actions detected
| 0:07 | Create | Villager (Male) |
| 0:08 | Create | Villager (Male) |
| 0:08 | Create | Villager (Male) |
| 0:08 | Create | Villager (Male) |
| 0:09 | Create | Villager (Male) |
| 0:09 | Create | Villager (Male) |
| 0:10 | Build | House |
| 0:12 | Build | House |
| 0:13 | Build | House |
| 1:28 | Create | Villager (Male) |
| 1:29 | Create | Villager (Male) |
| 2:03 | Build | Lumber Camp |
| 2:09 | Create | Villager (Male) |
| 2:09 | Create | Villager (Male) |
| 2:40 | Create | Villager (Male) |
| 2:40 | Create | Villager (Male) |
| 3:06 | Create | Villager (Male) |
| 3:07 | Create | Villager (Male) |
| 3:18 | Create | Villager (Male) |
| 3:19 | Create | Villager (Male) |
| 3:40 | Create | Villager (Male) |
| 3:40 | Create | Villager (Male) |
| 3:44 | Build | House |
| 3:56 | Create | Villager (Male) |
| 3:56 | Create | Villager (Male) |
| 4:21 | Create | Villager (Male) |
| 4:21 | Create | Villager (Male) |
| 5:30 | Create | Villager (Male) |
| 5:30 | Create | Villager (Male) |
| 5:35 | Create | Villager (Male) |
| 5:36 | Create | Villager (Male) |
| 5:45 | Create | Villager (Male) |
| 5:47 | Create | Villager (Male) |
| 6:05 | Build | House |
| 6:14 | Research | Loom |
| 6:22 | Build | Mill |
| 6:27 | Build | Mill |
| 6:28 | Create | Villager (Male) |
| 6:45 | Create | Villager (Male) |
| 6:47 | Create | Villager (Male) |
| 6:47 | Create | Villager (Male) |
| 7:05 | Build | Mill |
| 7:05 | Create | Villager (Male) |
| 7:41 | Build | House |
| 7:50 | Build | House |
| 8:15 | Create | Villager (Male) |
| 8:22 | Build | House |
| 8:49 | Create | Villager (Male) |
| 9:10 | Create | Villager (Male) |
| 9:14 | Build | House |
| 9:28 | Create | Villager (Male) |
| 9:46 | Build | Mining Camp |
| 10:07 | Research | Feudal Age |
| 11:02 | Build | House |
| 11:05 | Build | Palisade Wall |
| 11:21 | Build | Lumber Camp |
| 12:38 | Age | Feudal Age |
| 12:40 | Build | Blacksmith |
| 12:44 | Build | Market |
| 12:48 | Create | Villager (Male) |
| 12:54 | Create | Villager (Male) |
| 13:09 | Research | Town Watch |
| 13:13 | Build | Town Center |
| 13:39 | Build | House |
| 13:43 | Create | Villager (Male) |
| 13:46 | Research | Castle Age |
| 14:18 | Research | Horse Collar |
| 14:19 | Research | Double-Bit Axe |
| 14:59 | Build | Palisade Gate |
| 15:03 | Create | Villager (Male) |
| 15:03 | Create | Villager (Male) |
| 15:20 | Create | Villager (Male) |
| 15:22 | Build | Farm |
| 15:34 | Create | Villager (Male) |
| 15:41 | Build | Farm |
| 15:46 | Build | House |
| 15:49 | Build | Farm |
| 15:55 | Build | Farm |
| 15:57 | Create | Villager (Male) |
| 16:01 | Build | Farm |
| 16:11 | Create | Villager (Male) |
| 16:23 | Build | House |
| 16:26 | Age | Castle Age |
| 16:29 | Build | Farm |
| 16:33 | Create | Villager (Male) |
| 16:33 | Create | Villager (Male) |
| 16:35 | Build | Farm |
| 16:40 | Build | Farm |
| 16:45 | Build | Farm |
| 16:49 | Create | Villager (Male) |
| 16:54 | Build | Farm |
| 16:58 | Build | Farm |
| 17:01 | Build | Farm |
| 17:05 | Create | Villager (Male) |
| 17:05 | Create | Villager (Male) |
| 17:15 | Create | Villager (Male) |
| 17:20 | Build | Farm |
| 17:37 | Build | Monastery |
| 17:38 | Create | Villager (Male) |
| 17:39 | Build | Farm |
| 17:41 | Create | Villager (Male) |
| 17:45 | Build | Farm |
| 17:50 | Create | Villager (Male) |
| 17:59 | Create | Villager (Male) |
| 18:05 | Build | House |
| 18:11 | Create | Villager (Male) |
| 18:14 | Build | Farm |
| 18:15 | Build | Farm |
| 18:23 | Create | Villager (Male) |
| 18:30 | Create | Monk |
| 18:34 | Create | Monk |
| 18:35 | Research | Fervor |
| 18:37 | Create | Villager (Male) |
| 18:37 | Create | Villager (Male) |
| 18:46 | Create | Villager (Male) |
| 18:53 | Create | Villager (Male) |
| 18:58 | Build | House |
| 19:00 | Create | Villager (Male) |
| 19:00 | Create | Villager (Male) |
| 19:14 | Create | Villager (Male) |
| 19:25 | Research | Town Watch |
| 19:30 | Build | House |
| 19:46 | Create | Villager (Male) |
| 19:56 | Build | Town Center |
| 19:58 | Create | Villager (Male) |
| 19:58 | Create | Villager (Male) |
| 20:09 | Build | Palisade Gate |
| 20:12 | Create | Villager (Male) |
| 20:14 | Create | Villager (Male) |
| 20:15 | Build | Farm |
| 20:17 | Build | Farm |
| 20:33 | Create | Villager (Male) |
| 20:40 | Create | Villager (Male) |
| 20:43 | Build | Farm |
| 20:45 | Build | Farm |
| 20:49 | Build | Farm |
| 20:52 | Create | Villager (Male) |
| 20:59 | Research | Wheelbarrow |
| 21:14 | Build | Watch Tower |
| 21:16 | Research | Fletching |
| 21:20 | Create | Villager (Male) |
| 21:23 | Build | Farm |
| 21:37 | Build | Farm |
| 21:47 | Create | Villager (Male) |
| 22:14 | Create | Monk |
| 22:19 | Create | Villager (Male) |
| 22:38 | Create | Villager (Male) |
| 22:49 | Build | Watch Tower |
| 22:53 | Create | Villager (Male) |
| 22:58 | Build | House |
Build order —
116 actions detected in the replay
| 0:00 | Build | House |
| 1:47 | Research | Tech None |
| 1:47 | Build | House |
| 4:26 | Build | House |
| 4:57 | Build | Mill |
| 4:58 | Build | Lumber Camp |
| 5:50 | Build | Farm |
| 6:37 | Build | Farm |
| 7:02 | Build | House |
| 7:46 | Build | Farm |
| 8:50 | Build | House |
| 9:23 | Build | Lumber Camp |
| 10:28 | Build | Mill |
| 11:02 | Research | Tech None |
| 11:02 | Build | House |
| 12:04 | Build | Barracks |
| 13:17 | Build | Farm |
| 13:19 | Research | Tech None |
| 13:19 | Research | Tech None |
| 13:19 | Build | Archery Range |
| 13:20 | Build | House |
| 13:40 | Build | Mining Camp |
| 14:31 | Build | Archery Range |
| 14:53 | Research | Tech None |
| 15:29 | Build | Farm |
| 15:37 | Build | Farm |
| 15:39 | Build | House |
| 16:12 | Build | Farm |
| 16:34 | Build | Farm |
| 16:35 | Build | House |
| 17:17 | Build | Farm |
| 17:22 | Build | House |
| 17:47 | Build | Farm |
| 17:56 | Build | Farm |
| 18:06 | Build | House |
| 18:15 | Build | Farm |
| 18:27 | Build | Farm |
| 18:38 | Build | House |
| 18:58 | Build | Farm |
| 19:03 | Build | Farm |
| 19:21 | Build | Farm |
| 19:34 | Build | House |
| 20:02 | Build | Farm |
| 20:03 | Build | Farm |
| 20:10 | Build | House |
| 20:23 | Build | Farm |
| 20:37 | Build | Farm |
| 20:42 | Build | House |
| 20:49 | Build | Farm |
| 21:12 | Build | Farm |
| 21:14 | Build | House |
| 21:25 | Build | Farm |
| 21:41 | Build | House |
| 21:46 | Build | Lumber Camp |
| 21:58 | Build | Lumber Camp |
| 22:11 | Build | Lumber Camp |
| 22:44 | Build | Blacksmith |
| 23:02 | Build | Market |
| 23:13 | Build | Farm |
| 23:25 | Build | Farm |
| 23:31 | Build | Farm |
| 23:47 | Research | Tech None |
| 23:52 | Build | Farm |
| 23:56 | Build | Farm |
| 24:12 | Build | Mill |
| 24:19 | Research | Tech None |
| 24:26 | Build | Farm |
| 24:28 | Build | Farm |
| 24:53 | Build | Farm |
| 25:16 | Research | Tech None |
| 25:16 | Research | Tech None |
| 25:16 | Build | House |
| 28:05 | Research | Tech None |
| 28:05 | Research | Tech None |
| 28:05 | Research | Tech None |
| 28:05 | Build | Town Center |
| 28:06 | Build | Town Center |
| 28:13 | Build | Siege Workshop |
| 28:17 | Research | Tech None |
| 28:18 | Research | Tech None |
| 28:22 | Build | Monastery |
| 28:55 | Research | Tech None |
| 28:56 | Research | Tech None |
| 29:35 | Research | Tech None |
| 29:38 | Build | Farm |
| 30:11 | Build | Farm |
| 30:18 | Build | Farm |
| 30:20 | Build | Farm |
| 30:21 | Build | Farm |
| 30:24 | Build | Farm |
| 30:38 | Build | Farm |
| 32:51 | Build | Town Center |
| 32:53 | Build | Town Center |
| 33:19 | Build | Stable |
| 33:33 | Build | Mining Camp |
| 33:56 | Build | Siege Workshop |
| 34:18 | Build | Stable |
| 34:41 | Build | University |
| 35:58 | Build | Siege Workshop |
| 36:07 | Build | Siege Workshop |
| 37:36 | Build | Farm |
| 37:38 | Build | Farm |
| 37:42 | Build | Farm |
| 38:02 | Build | Lumber Camp |
| 38:33 | Build | Farm |
| 38:40 | Build | Barracks |
| 38:58 | Build | Farm |
| 38:59 | Build | Farm |
| 39:01 | Build | Farm |
| 39:08 | Build | Farm |
| 39:10 | Build | Farm |
| 39:11 | Build | Farm |
| 39:12 | Build | Farm |
| 39:22 | Build | Farm |
| 39:44 | Build | Town Center |
| 44:21 | Build | Mill |
Build order —
First 150 of 183 actions detected
| 0:00 | Build | House |
| 1:46 | Build | House |
| 3:05 | Research | Tech None |
| 3:22 | Build | Mill |
| 3:53 | Build | Lumber Camp |
| 4:27 | Build | House |
| 5:30 | Build | Farm |
| 6:11 | Build | House |
| 6:30 | Build | Farm |
| 7:30 | Build | Farm |
| 8:23 | Build | House |
| 9:07 | Build | Lumber Camp |
| 10:24 | Build | Mill |
| 10:35 | Build | House |
| 11:08 | Build | Farm |
| 11:25 | Build | Farm |
| 11:45 | Build | Farm |
| 11:54 | Research | Tech None |
| 12:19 | Build | Mining Camp |
| 13:19 | Build | Barracks |
| 14:13 | Build | Stable |
| 14:33 | Build | House |
| 14:53 | Build | Blacksmith |
| 15:13 | Build | House |
| 15:34 | Build | Farm |
| 15:59 | Research | Tech None |
| 16:00 | Build | Farm |
| 16:31 | Research | Tech None |
| 16:53 | Build | Farm |
| 16:54 | Build | Farm |
| 17:14 | Build | Farm |
| 17:16 | Build | Farm |
| 17:23 | Research | Tech None |
| 17:36 | Build | Farm |
| 17:38 | Build | Farm |
| 17:54 | Build | Farm |
| 17:57 | Build | Farm |
| 18:13 | Build | Farm |
| 18:35 | Build | House |
| 18:43 | Build | Town Center |
| 18:55 | Build | Farm |
| 19:10 | Build | Farm |
| 19:54 | Build | House |
| 19:57 | Build | Farm |
| 20:32 | Build | Town Center |
| 20:48 | Build | Farm |
| 20:57 | Build | Farm |
| 21:07 | Build | Farm |
| 21:24 | Build | Farm |
| 21:30 | Build | Farm |
| 21:39 | Research | Tech None |
| 21:49 | Build | House |
| 22:02 | Build | Lumber Camp |
| 22:36 | Build | Monastery |
| 22:50 | Build | Farm |
| 22:57 | Build | Farm |
| 23:14 | Build | Farm |
| 23:52 | Build | Farm |
| 23:53 | Build | Farm |
| 23:55 | Build | Farm |
| 23:56 | Build | Farm |
| 23:57 | Build | House |
| 24:04 | Build | Farm |
| 24:09 | Build | Farm |
| 24:18 | Build | Farm |
| 24:32 | Build | House |
| 24:38 | Build | Mill |
| 24:45 | Build | Lumber Camp |
| 25:14 | Build | House |
| 25:26 | Research | Tech None |
| 25:30 | Build | Farm |
| 25:37 | Build | Farm |
| 25:46 | Build | Farm |
| 25:49 | Build | House |
| 25:53 | Build | Farm |
| 26:01 | Research | Tech None |
| 26:17 | Build | Farm |
| 26:18 | Build | Farm |
| 26:25 | Build | House |
| 26:40 | Build | Farm |
| 26:44 | Build | Farm |
| 26:50 | Build | Market |
| 26:51 | Build | House |
| 27:04 | Build | Farm |
| 27:17 | Build | Farm |
| 27:25 | Build | House |
| 27:36 | Research | Tech None |
| 27:43 | Research | Tech None |
| 27:54 | Build | Farm |
| 27:55 | Build | Farm |
| 27:56 | Build | House |
| 27:59 | Build | Farm |
| 28:06 | Build | Farm |
| 28:09 | Build | Farm |
| 28:13 | Build | Farm |
| 28:15 | Build | Farm |
| 28:36 | Build | House |
| 28:47 | Build | Town Center |
| 28:54 | Build | Siege Workshop |
| 30:01 | Research | Tech None |
| 30:19 | Build | Town Center |
| 31:51 | Build | University |
| 32:14 | Build | Farm |
| 32:23 | Build | Farm |
| 32:32 | Build | House |
| 32:39 | Build | Mining Camp |
| 32:59 | Build | Farm |
| 33:01 | Build | Archery Range |
| 33:06 | Build | House |
| 33:19 | Build | Farm |
| 33:21 | Build | Farm |
| 33:26 | Research | Tech None |
| 33:26 | Build | Farm |
| 33:27 | Build | Farm |
| 33:34 | Research | Tech None |
| 33:37 | Build | House |
| 33:43 | Research | Tech None |
| 33:49 | Build | Farm |
| 33:57 | Research | Tech None |
| 33:58 | Build | Farm |
| 34:02 | Build | Farm |
| 34:05 | Build | Farm |
| 34:07 | Research | Tech None |
| 34:09 | Build | Farm |
| 34:15 | Build | House |
| 34:22 | Research | Tech None |
| 34:25 | Build | Farm |
| 34:31 | Build | Farm |
| 34:33 | Build | Farm |
| 34:40 | Research | Tech None |
| 34:40 | Build | Farm |
| 34:42 | Build | Farm |
| 34:53 | Build | Farm |
| 35:00 | Build | Farm |
| 35:06 | Build | Mill |
| 35:07 | Build | Farm |
| 35:10 | Build | Farm |
| 35:26 | Build | Mill |
| 35:27 | Research | Tech None |
| 35:33 | Build | Mill |
| 35:43 | Build | Archery Range |
| 35:47 | Build | Archery Range |
| 35:54 | Build | Castle |
| 36:03 | Build | Archery Range |
| 36:11 | Research | Tech None |
| 36:11 | Build | Castle |
| 36:20 | Build | Castle |
| 36:23 | Build | Castle |
| 36:25 | Build | Castle |
| 36:26 | Build | Castle |
Build order —
First 150 of 223 actions detected
| 0:00 | Build | House |
| 0:54 | Build | Mill |
| 1:46 | Build | House |
| 2:13 | Research | Tech None |
| 3:59 | Build | House |
| 4:35 | Build | Lumber Camp |
| 5:19 | Build | Farm |
| 5:54 | Build | Farm |
| 6:10 | Build | House |
| 6:36 | Build | Farm |
| 7:18 | Build | Farm |
| 7:46 | Build | Farm |
| 8:22 | Build | House |
| 9:06 | Build | Lumber Camp |
| 9:48 | Build | Farm |
| 9:52 | Build | Farm |
| 10:07 | Build | Farm |
| 10:24 | Build | Farm |
| 10:34 | Build | House |
| 10:47 | Build | Farm |
| 11:01 | Build | Farm |
| 11:16 | Build | Farm |
| 11:25 | Build | Farm |
| 11:41 | Build | Farm |
| 11:52 | Build | Farm |
| 11:53 | Research | Tech None |
| 12:23 | Build | Mining Camp |
| 13:02 | Build | Barracks |
| 14:10 | Build | Stable |
| 14:27 | Build | Blacksmith |
| 14:38 | Build | House |
| 14:46 | Build | Farm |
| 14:53 | Build | Farm |
| 15:12 | Build | House |
| 15:13 | Build | Farm |
| 15:19 | Build | Farm |
| 15:30 | Build | Farm |
| 15:53 | Build | Mill |
| 16:08 | Research | Tech None |
| 16:14 | Research | Tech None |
| 16:29 | Research | Tech None |
| 17:10 | Build | Stable |
| 17:16 | Research | Tech None |
| 18:21 | Research | Tech None |
| 18:57 | Research | Tech None |
| 18:57 | Build | Town Center |
| 18:58 | Build | Town Center |
| 19:00 | Build | Farm |
| 19:05 | Build | Farm |
| 19:16 | Build | Farm |
| 19:21 | Build | Farm |
| 19:32 | Build | House |
| 20:04 | Research | Tech None |
| 20:37 | Build | Monastery |
| 21:02 | Build | Farm |
| 21:05 | Build | Farm |
| 21:07 | Build | Farm |
| 21:22 | Build | Farm |
| 22:19 | Build | Siege Workshop |
| 22:32 | Build | Farm |
| 22:39 | Build | Farm |
| 22:49 | Build | House |
| 22:57 | Build | Farm |
| 23:06 | Build | Farm |
| 23:14 | Build | Farm |
| 23:19 | Build | Farm |
| 23:28 | Build | Farm |
| 23:38 | Build | House |
| 23:54 | Build | Farm |
| 23:56 | Build | Farm |
| 23:57 | Build | Farm |
| 24:11 | Build | House |
| 24:23 | Build | Lumber Camp |
| 24:28 | Research | Tech None |
| 24:45 | Build | Mill |
| 24:50 | Build | House |
| 25:00 | Build | Farm |
| 25:03 | Build | Farm |
| 25:10 | Build | Farm |
| 25:16 | Build | Farm |
| 25:22 | Build | House |
| 25:37 | Build | Lumber Camp |
| 25:49 | Build | Farm |
| 25:57 | Build | Farm |
| 25:59 | Build | House |
| 26:04 | Build | Farm |
| 26:10 | Build | Farm |
| 26:17 | Build | Farm |
| 26:18 | Build | Farm |
| 26:20 | Build | Farm |
| 26:21 | Build | Farm |
| 26:26 | Build | House |
| 26:32 | Build | Farm |
| 26:58 | Build | Mining Camp |
| 27:39 | Research | Tech None |
| 27:55 | Research | Tech None |
| 28:13 | Research | Tech None |
| 28:59 | Build | Market |
| 29:09 | Build | House |
| 29:38 | Build | Farm |
| 29:39 | Build | Farm |
| 29:40 | Build | Farm |
| 29:46 | Build | House |
| 29:51 | Build | Farm |
| 30:13 | Research | Tech None |
| 30:18 | Build | House |
| 30:33 | Build | Farm |
| 30:34 | Build | Farm |
| 30:35 | Build | Farm |
| 30:38 | Build | Farm |
| 30:39 | Build | Farm |
| 30:40 | Build | Farm |
| 30:45 | Build | Farm |
| 30:46 | Build | Farm |
| 30:47 | Build | House |
| 30:53 | Build | Farm |
| 31:17 | Research | Tech None |
| 31:27 | Build | House |
| 32:19 | Build | Archery Range |
| 32:24 | Build | House |
| 32:34 | Build | Farm |
| 32:35 | Build | Farm |
| 32:41 | Build | Farm |
| 32:42 | Build | Farm |
| 32:44 | Build | Farm |
| 32:46 | Build | Farm |
| 32:52 | Build | Farm |
| 32:53 | Build | Farm |
| 33:05 | Build | Mill |
| 33:18 | Build | House |
| 33:46 | Build | Farm |
| 33:54 | Build | Farm |
| 33:57 | Build | Farm |
| 33:58 | Build | Farm |
| 34:00 | Build | Farm |
| 34:09 | Build | House |
| 34:22 | Research | Tech None |
| 34:30 | Build | Siege Workshop |
| 34:37 | Research | Tech None |
| 34:50 | Research | Tech None |
| 35:10 | Research | Tech None |
| 35:14 | Build | Town Center |
| 35:32 | Build | Siege Workshop |
| 35:51 | Build | Stable |
| 36:03 | Research | Tech None |
| 36:19 | Build | Stable |
| 36:28 | Build | Stable |
| 37:00 | Research | Tech None |
| 37:18 | Build | Siege Workshop |
| 37:26 | Build | House |
Build order —
First 150 of 165 actions detected
| 0:00 | Build | House |
| 1:46 | Build | House |
| 3:06 | Research | Tech None |
| 3:20 | Build | Mill |
| 3:33 | Build | House |
| 4:27 | Build | Lumber Camp |
| 5:20 | Build | Farm |
| 5:58 | Build | Farm |
| 6:22 | Build | House |
| 7:50 | Build | Lumber Camp |
| 8:38 | Build | House |
| 9:06 | Build | Farm |
| 9:45 | Build | Farm |
| 10:19 | Build | Farm |
| 10:24 | Research | Tech None |
| 11:30 | Build | Barracks |
| 11:51 | Build | Mining Camp |
| 12:42 | Research | Tech None |
| 12:42 | Research | Tech None |
| 12:42 | Build | House |
| 13:01 | Build | Archery Range |
| 13:18 | Build | House |
| 13:55 | Build | Archery Range |
| 13:59 | Build | Archery Range |
| 14:18 | Research | Tech None |
| 14:21 | Research | Tech None |
| 14:40 | Build | Farm |
| 14:53 | Build | Farm |
| 14:56 | Build | House |
| 15:27 | Build | Farm |
| 15:38 | Build | Farm |
| 15:49 | Build | House |
| 16:06 | Build | Farm |
| 16:11 | Build | Farm |
| 16:14 | Build | Farm |
| 16:36 | Build | Farm |
| 16:41 | Build | House |
| 16:52 | Build | Farm |
| 17:10 | Build | Farm |
| 17:24 | Build | House |
| 17:29 | Build | Farm |
| 17:30 | Build | Farm |
| 17:56 | Build | Farm |
| 18:07 | Build | House |
| 18:10 | Build | Farm |
| 18:16 | Build | Farm |
| 18:32 | Build | Farm |
| 19:03 | Build | House |
| 19:12 | Build | Mill |
| 19:27 | Build | Farm |
| 19:30 | Build | Farm |
| 19:43 | Build | House |
| 20:16 | Build | House |
| 20:22 | Build | Lumber Camp |
| 20:27 | Build | Mill |
| 20:35 | Build | Mill |
| 20:49 | Build | House |
| 21:34 | Build | Farm |
| 21:39 | Build | Blacksmith |
| 21:48 | Build | Farm |
| 22:09 | Build | Market |
| 22:13 | Build | Farm |
| 22:31 | Build | Farm |
| 22:35 | Research | Tech None |
| 22:35 | Build | Farm |
| 22:49 | Build | Farm |
| 22:55 | Build | Farm |
| 22:59 | Research | Tech None |
| 23:15 | Build | Mill |
| 23:31 | Research | Tech None |
| 24:13 | Research | Tech None |
| 26:14 | Research | Tech None |
| 26:14 | Build | Mining Camp |
| 26:32 | Build | Mining Camp |
| 27:18 | Build | Monastery |
| 27:49 | Research | Tech None |
| 29:56 | Build | Stable |
| 30:27 | Build | Archery Range |
| 30:54 | Build | Archery Range |
| 31:25 | Build | Barracks |
| 31:42 | Build | Lumber Camp |
| 32:02 | Build | Barracks |
| 32:21 | Research | Tech None |
| 32:31 | Build | Barracks |
| 33:23 | Build | Barracks |
| 34:23 | Build | Barracks |
| 34:34 | Build | House |
| 34:49 | Build | Barracks |
| 35:12 | Build | Farm |
| 35:36 | Build | House |
| 35:44 | Build | Barracks |
| 35:48 | Research | Tech None |
| 36:10 | Build | Barracks |
| 36:18 | Build | House |
| 36:34 | Research | Tech None |
| 36:37 | Build | Barracks |
| 36:58 | Build | Barracks |
| 37:10 | Build | Barracks |
| 37:38 | Build | House |
| 37:41 | Build | Farm |
| 37:43 | Build | Farm |
| 37:58 | Build | Barracks |
| 37:59 | Build | Farm |
| 38:29 | Build | Farm |
| 38:30 | Build | Farm |
| 38:50 | Build | Farm |
| 38:52 | Build | Farm |
| 38:57 | Build | Mining Camp |
| 39:08 | Build | Farm |
| 39:13 | Build | Farm |
| 39:24 | Build | Farm |
| 39:31 | Build | Farm |
| 39:44 | Research | Tech None |
| 39:45 | Build | Farm |
| 39:47 | Build | House |
| 39:58 | Research | Tech None |
| 40:22 | Build | House |
| 41:07 | Build | House |
| 41:22 | Research | Tech None |
| 41:28 | Build | Lumber Camp |
| 41:40 | Build | House |
| 41:43 | Research | Tech None |
| 42:14 | Build | House |
| 42:19 | Build | Barracks |
| 42:45 | Research | Tech None |
| 42:53 | Build | Farm |
| 43:19 | Build | Farm |
| 43:24 | Build | Farm |
| 43:41 | Research | Tech None |
| 43:42 | Build | House |
| 43:50 | Build | Castle |
| 43:51 | Build | Town Center |
| 43:53 | Build | Farm |
| 44:02 | Build | Farm |
| 44:14 | Research | Tech None |
| 44:15 | Build | Siege Workshop |
| 44:45 | Build | Farm |
| 44:52 | Build | Town Center |
| 44:57 | Build | Farm |
| 45:11 | Research | Tech None |
| 45:51 | Build | Town Center |
| 45:53 | Build | Town Center |
| 45:58 | Build | Town Center |
| 46:11 | Build | Town Center |
| 46:13 | Research | Tech None |
| 46:23 | Build | Town Center |
| 46:24 | Build | Town Center |
| 46:26 | Build | Town Center |
| 46:27 | Build | Town Center |
| 46:29 | Build | Town Center |
Match timeline
| 8:12 | Andrei0223 · wall_segment Palisade Wall x2 |
| 8:22 | Andrei0223 · wall_segment Palisade Wall x8 |
| 8:48 | Andrei0223 · wall_segment Palisade Wall x12 |
| 8:53 | Andrei0223 · wall_segment Palisade Wall x6 |
| 9:43 | Andrei0223 · wall_segment Palisade Wall x6 |
| 9:47 | Andrei0223 · wall_segment Palisade Wall x17 |
| 10:39 | Andrei0223 · wall_segment Palisade Wall x11 |
| 10:41 | RodyK · first_building Barracks |
| 11:05 | Gorozpe28 · wall_segment Palisade Wall x2 |
| 11:30 | · first_building Barracks |
| 11:31 | RodyK · wall_segment Palisade Wall x12 |
| 11:50 | RodyK · age_up feudal |
| 12:04 | · first_building Barracks |
| 12:09 | Andrei0223 · wall_segment Palisade Wall x4 |
| 12:14 | Andrei0223 · age_up feudal |
| 12:38 | Gorozpe28 · age_up feudal |
| 12:43 | Andrei0223 · wall_segment Palisade Wall x1 |
| 12:44 | DOG EATER · age_up feudal |
| 12:44 | Andrei0223 · wall_segment Palisade Wall x1 |
| 13:01 | · first_building Archery Range |
| 13:02 | · first_building Barracks |
| 13:06 | Andrei0223 · wall_segment Palisade Wall x6 |
| 13:19 | · first_building Barracks |
| 13:19 | · first_building Archery Range |
| 13:32 | Andrei0223 · wall_segment Palisade Wall x3 |
| 13:51 | DOG EATER · first_market_buy 100 food |
| 13:59 | Andrei0223 · first_building Barracks |
| 14:10 | · first_building Stable |
| 14:11 | DOG EATER · wall_segment Palisade Wall x29 |
| 14:13 | · first_building Stable |
| 15:28 | Andrei0223 · first_building Stable |
| 16:18 | Andrei0223 · first_building Archery Range |
| 16:26 | Gorozpe28 · age_up castle |
| 16:46 | RodyK · wall_segment Palisade Wall x8 |
| 16:59 | Andrei0223 · age_up castle |
| 17:06 | DOG EATER · age_up castle |
| 17:37 | Gorozpe28 · first_building Monastery |
| 17:44 | DOG EATER · first_building Barracks |
| 18:05 | RodyK · first_building Archery Range |
| 18:22 | DOG EATER · first_building Stable |
| 18:35 | RodyK · wall_segment Stone Wall x12 |
| 18:39 | RodyK · wall_segment Stone Wall x7 |
| 20:37 | · first_building Monastery |
| 22:19 | · first_building Siege Workshop |
| 22:31 | Gorozpe28 · first_market_buy 100 stone |
| 22:36 | · first_building Monastery |
| 23:15 | Gorozpe28 · first_building Barracks |
| 24:07 | Gorozpe28 · first_building Archery Range |
| 24:12 | DOG EATER · first_building Monastery |
| 24:32 | DOG EATER · first_market_sell 100 wood |
| 27:07 | RodyK · wall_segment Stone Wall x8 |
| 27:18 | · first_building Monastery |
| 27:26 | Gorozpe28 · first_market_sell 100 food |
| 28:02 | · first_market_sell 100 wood |
| 28:13 | DOG EATER · first_building Castle |
| 28:13 | · first_building Siege Workshop |
| 28:22 | · first_building Monastery |
| 28:54 | · first_building Siege Workshop |
| 29:25 | Andrei0223 · first_building Monastery |
| 29:56 | · first_building Stable |
| 31:18 | Gorozpe28 · first_building Castle |
| 32:19 | · first_building Archery Range |
| 33:01 | · first_building Archery Range |
| 33:05 | Andrei0223 · age_up imperial |
| 33:09 | · first_market_sell 100 food |
| 33:19 | · first_building Stable |
| 33:31 | Gorozpe28 · first_building Stable |
| 33:32 | RodyK · first_building Stable |
| 34:01 | · first_market_sell 100 food |
| 34:07 | Gorozpe28 · age_up imperial |
| 35:27 | · first_market_buy 100 stone |
| 35:54 | · first_building Castle |
| 37:07 | Andrei0223 · first_market_sell 100 wood |
| 37:44 | DOG EATER · age_up imperial |
| 37:57 | DOG EATER · wall_segment Palisade Wall x1 |
| 38:12 | DOG EATER · wall_segment Palisade Wall x1 |
| 38:37 | · first_building Castle |
| 38:59 | RodyK · age_up castle |
| 41:02 | · first_market_sell 100 wood |
| 41:21 | Andrei0223 · first_building Castle |
| 43:50 | · first_building Castle |
| 43:51 | · first_market_buy 100 stone |
| 44:15 | · first_building Siege Workshop |
| 44:35 | RodyK · wall_segment Stone Wall x4 |
| 46:21 | RodyK · wall_segment Stone Wall x9 |
| 46:26 | RodyK · wall_segment Stone Wall x4 |
| 50:00 | · resign |
| 51:54 | Gorozpe28 · tribute_sent a jugador 1 |
| 51:54 | Gorozpe28 · tribute_sent a jugador 2 |
| 51:54 | Gorozpe28 · tribute_sent a jugador 4 |
| 51:54 | Gorozpe28 · tribute_sent a jugador 5 |
| 51:54 | Gorozpe28 · tribute_sent a jugador 6 |
| 51:54 | Gorozpe28 · tribute_sent a jugador 7 |
| 51:54 | Gorozpe28 · tribute_sent a jugador 8 |
[ AI ANALYSIS · 1 CREDIT ]
What really happened in this match?
Wolo.gg analyzes every decision: build order, eco, micro, common mistakes by bracket. Personalized analysis on WhatsApp or Discord in 30 seconds.
Civ guide
Khitans
Map guide
Arabia
Perfil
Andrei0223